 Dungeon Crawl Stone Soup version 0.30-a0-757-ga6a79fd877 (webtiles) character file.

Game seed: 7403211708623048582

1993 dolemite99 the Destroyer (level 9, -2/57 HPs)
             Began as a Demonspawn Conjurer on Feb 10, 2023.
             Was an Initiate of Gozag.
             Slain by a steam dragon (6 damage)
             ... on level 8 of the Dungeon.
             The game lasted 00:17:46 (10643 turns).

dolemite99 the Destroyer (Demonspawn Conjurer)     Turns: 10643, Time: 00:17:47

Health: -2/57      AC:  5    Str:  7    XL:     9   Next: 1%
Magic:  16/16      EV: 12    Int: 25    God:    Gozag
Gold:   522        SH:  0    Dex: 16    Spells: 1/18 levels left

rFire   . . .      SeeInvis .    x - +2 dagger (freeze)
rCold   + . .      Faith    .    (no shield)
rNeg    . . .      Spirit   .    a - +0 robe
rPois   +          Reflect  .    j - +2 helmet
rElec   .          Harm     .    n - scarf {+Inv}
rCorr   .          Rampage  .    (no gloves)
Will    +....                    (no boots)
Stlth   +++                      (no amulet)
HPRegen 0.29/turn                C - ring of Akhuseih {rPois rC+ Will+ Dex+3}
MPRegen 0.15/turn                (no ring)

@: no status effects
A: thin skeletal structure 1, demonic guardian 2, demonic touch 1
a: Renounce Religion, Evoke Invisibility, Potion Petition, Call Merchant, Bribe
Branch


You were on level 8 of the Dungeon.
You worshipped Gozag.
Gozag was pleased with you.
You visited 1 branch of the dungeon, and saw 6 of its levels.

You collected 636 gold pieces.
You paid 114 gold pieces to Gozag.

Inventory:

Hand Weapons
 b - a +0 dagger of electrocution
 f - a +0 dagger
 m - a +1 short sword of protection
 o - a +0 sling
 p - a +0 vampiric dagger
 w - a +0 heavy hand axe
 x - a +2 dagger of freezing (weapon)
 z - a +1 vampiric short sword
 A - a +2 spear of venom
Missiles
 v - 13 poisoned darts (quivered)
Armour
 a - a +0 robe (worn)
 j - a +2 helmet (worn)
 n - a scarf of invisibility (worn)
Jewellery
 k - an amulet of magic regeneration
 y - an amulet of reflection
 B - an amulet of regeneration
 C - the ring of Akhuseih (left hand) {rPois rC+ Will+ Dex+3}
   (You acquired it on level 5 of the Dungeon)

   [ring of willpower]

   Dex:       It affects your dexterity (+3).
   rC:        It protects you from cold.
   rPois:     It protects you from poison.
   Will:      It increases your willpower.
Wands
 e - a wand of charming (7)
 i - a wand of roots (2)
Scrolls
 g - 3 scrolls of teleportation
 h - 2 scrolls of enchant weapon {unknown}
 l - 2 scrolls of blinking
Potions
 c - a potion of ambrosia {unknown}
 r - a potion of cancellation
 t - a potion of attraction {unknown}


   Skills:
 - Level 1.7 Dodging
 - Level 1.7 Stealth
 - Level 5.0 Spellcasting
 - Level 8.6 Conjurations
 - Level 6.7 Hexes
 + Level 2.2 Earth Magic


You had one spell level left.
You knew the following spells:

 Your Spells              Type           Power      Damage    Failure   Level
a - Magic Dart            Conj           100%       1d8       1%          1
b - Searing Ray           Conj           98%        2d8       1%          2
c - Dazzling Flash        Conj/Hex       88%        N/A       1%          3
d - Stone Arrow           Conj/Erth      66%        3d11      2%          3
e - Fulminant Prism       Conj/Hex       22%        3d12      3%          4
f - Iskenderun's Mystic   Conj/Tloc      27%        2d7       14%         4

Your spell library contained the following spells:

 Spells                   Type           Power      Damage    Failure   Level
 Animate Armour           Summ/Erth      22%        N/A       45%         4
 Lehudib's Crystal Spear  Conj/Erth      16%        10d5      100%        8


Dungeon Overview and Level Annotations

Branches:
Dungeon (5/15)
 Temple: D:4-7

Altars:
Gozag
Okawaru
Qazlal

Shops:
D:5 :

Annotations:
D:5 Ijyb


Innate Abilities, Weirdness & Mutations

You have a somewhat thin skeletal structure. (Dex +2, Stealth+)
A demonic guardian rushes to your aid.
Your touch may inflict minor irresistible damage on your foes.


Message History

You are engulfed in a cloud of scalding steam.
Your orange demon is engulfed in a cloud of scalding steam.
Your orange demon barely misses the steam dragon.
Your orange demon completely misses the steam dragon.
You are engulfed in a cloud of scalding steam.
Something bites your orange demon. Something claws your orange demon.
Your orange demon is engulfed in a cloud of scalding steam.
Your orange demon is engulfed in a cloud of scalding steam.
Your orange demon closely misses the steam dragon. x2
Casting: Searing Ray (safe; 1% risk of failure)
Confirm with . or Enter, or press ? or * to list all spells.
Aiming: Searing Ray (safe; 1% risk of failure)
Press: ? - help, Shift-Dir - straight line, f - steam dragon
Aim: a steam dragon (ally target, 83% to hit)
Your demonic guardian avoids your attack.
The searing ray hits the steam dragon!
The steam dragon is moderately wounded. (Press . to maintain the ray.)
The steam dragon bites your orange demon!
Your orange demon dies!
Your orange demon disappears in a puff of smoke!
The searing ray hits the steam dragon.
The steam dragon is moderately wounded.
The steam dragon breathes steam at you. The ball of steam misses you.
You hear a howl!
You hear an angry buzzing noise.
You are engulfed in a cloud of scalding steam.
The searing ray hits the steam dragon.
The steam dragon is heavily wounded.
You finish channelling your searing ray.
You are engulfed in a cloud of scalding steam.
* * * LOW HITPOINT WARNING * * *
You are engulfed in a cloud of scalding steam.
* * * LOW HITPOINT WARNING * * *
The steam dragon bites you.
* * * LOW HITPOINT WARNING * * *
The steam dragon barely misses you. Magic courses through your body.
The steam dragon bites you.
You die...
Your body crumbles into a pile of gold.

....##...#########.#
#.....#...# #.# ..###...#.#
#.# #^..##.#######.##
#.#.##.#...≈≈≈≈≈≈
#...##.#.#.≈#####
######.#.....#.≈#≈≈≈#
##...##.#.#.#.#.≈#≈_..
####.###.# #@#.#.#.#.#.≈#≈≈≈#
...h..D..# #D..........≈#####
...##.##.###.#.....#.##≈≈≈≈≈≈
.D ##D$.##...###.##..###. ..#
######...# #.##..# #. ..
#...# #.##..# #. # #...#
#.##..###. ##...###.........
#(........##.###.


You could see a steam dragon.

Vanquished Creatures
  A wyvern (D:8)
  2 orc warriors
  A centaur (D:5)
  A necrophage (D:4)
  A scorpion (D:5)
  A killer bee (D:8)
  2 howler monkeys
  A lava snake (D:8)
  4 hounds
  2 orc priests (D:4)
  2 gnoll boudas (D:3)
  A jelly (D:5)
  An iguana (D:5)
  5 orc wizards
  8 adders
  10 gnolls (D:3)
  3 worms
  2 dart slugs
  29 orcs
  3 endoplasms
  2 giant cockroaches
  10 goblins
  4 hobgoblins
  12 jackals
  10 kobolds
  A quokka (D:5)
  2 ball pythons (D:1)
  5 bats
  2 frilled lizards (D:1)
  2 rats
  A spectral hobgoblin (D:3)
131 creatures vanquished.

Vanquished Creatures (collateral kills)
  Pikel (D:5)
  A black bear (D:4)
  A hound (D:3)
  An orc priest (D:8)
  A gnoll (D:3)
  2 orcs
7 creatures vanquished.

Vanquished Creatures (others)
  8 fungi (D:3)
  4 plants (D:3)
  4 toadstools (D:3)
16 creatures vanquished.

Grand Total: 154 creatures vanquished

Notes
Turn   | Place    | Note
-------+----------+-------------------------------------------
     0 | D:1      | dolemite99 the Demonspawn Conjurer began the quest for the
                  | Orb.
     0 | D:1      | Reached XP level 1. HP: 13/13 MP: 3/3
   275 | D:1      | Gained mutation: A weak demonic guardian rushes to your
                  | aid. [demonic ancestry]
   275 | D:1      | Reached XP level 2. HP: 19/19 MP: 3/5
  1120 | D:1      | Learned a level 2 spell: Searing Ray
  1546 | D:2      | Reached skill level 5 in Conjurations
  1669 | D:2      | Reached XP level 3. HP: 20/24 MP: 0/6
  2602 | D:3      | Learned a level 3 spell: Dazzling Flash
  3114 | D:3      | Found a faded altar of an unknown god.
  3379 | D:3      | Reached XP level 4. HP: 30/30 MP: 4/7
  4054 | D:3      | Reached skill level 6 in Conjurations
  4192 | D:3      | Gained mutation: Your touch may inflict minor irresistible
                  | damage on your foes. [demonic ancestry]
  4192 | D:3      | Reached XP level 5. HP: 4/35 MP: 2/8
  4801 | D:3      | Reached skill level 7 in Conjurations
  4888 | D:3      | Gained mutation: A demonic guardian rushes to your aid.
                  | [demonic ancestry]
  4888 | D:3      | Reached XP level 6. HP: 34/41 MP: 0/9
  6037 | D:4      | Reached skill level 8 in Conjurations
  6274 | D:4      | Gained mutation: You have a somewhat thin skeletal
                  | structure. (Dex +2, Stealth+) [demonic ancestry]
  6274 | D:4      | Reached XP level 7. HP: 41/46 MP: 1/10
  6387 | D:4      | Learned a level 1 spell: Magic Dart
  6763 | D:4      | Reached skill level 1 in Hexes
  7373 | D:4      | Found an opulent altar of Gozag.
  7377 | D:4      | Became a worshipper of Gozag Ym Sagoz the Greedy
  7431 | D:5      | Entered Level 5 of the Dungeon
  7474 | D:5      | Found Laaset's Book Shop.
  7502 | D:5      | Identified a scroll of acquirement
  7502 | D:5      | Acquired the ring of Akhuseih {rPois rC+ Will+ Dex+3}
  7696 | D:5      | Noticed Pikel
  7723 | D:5      | Killed Pikel
  7724 | D:5      | Reached XP level 8. HP: 29/52 MP: 9/11
  8732 | D:5      | Learned a level 3 spell: Stone Arrow
  9353 | D:5      | Noticed Ijyb
  9361 | D:5      | You fall into a shaft and drop 3 floors!
  9746 | D:8      | Reached skill level 5 in Spellcasting
  9746 | D:8      | Reached skill level 1 in Earth Magic
 10269 | D:8      | Learned a level 4 spell: Fulminant Prism
 10274 | D:8      | Learned a level 4 spell: Iskenderun's Mystic Blast
 10383 | D:8      | Reached XP level 9. HP: 37/57 MP: 11/16
 10553 | D:8      | Found an iron altar of Okawaru.
 10553 | D:8      | Found a stormy altar of Qazlal.
 10643 | D:8      | Slain by a steam dragon

Illustrated notes

Levels and vault maps discovered:
D:1:      sevenhm_arrival_forest_fort_small_5, layout_loops_ring,
          minmay_misc_feat_secret_circle, minivault_25
D:2:      layout_rooms, nicolae_figureground_pulse
D:3:      lemuel_castle_with_subvaults [lemuel_castle_interior_carwin_3],
          layout_basic, dreamdust_ecumenical_altar_drowned_temple,
          minmay_gold_behind_fungi, kennysheep_cross_room
D:4:      layout_cave_pools, mainiacjoe_overflow_divided_tiny
D:5:      layout_basic, serial_shops, shop, hangedman_decor_opposing,
          uniq_pikel, uniq_ijyb
D:8:      layout_loops_ring, nicolae_overflow_two_pavilions,
          lemuel_coloured_pillars_altar, grunt_ministairs_2

Skill      XL: |  1  2  3  4  5  6  7  8  9 |
---------------+----------------------------+-----
Conjurations   | 5 6 7 8 |  8.6
Hexes          | 6 |  6.7
Spellcasting   | 5 |  5.0
Earth Magic    | 1 2 |  2.2
Dodging        | |  1.7
Stealth        | |  1.7

Action                     |  1- 3 |  4- 6 |  7- 9 || total
---------------------------+-------+-------+-------++-------
  Melee: Dagger            |    23 |    47 |    46 ||   116
         Touch             |       |     6 |     9 ||    15
  Throw: Dart              |       |       |    45 ||    45
   Cast: Magic Dart        |    60 |    76 |    23 ||   159
         Searing Ray       |    13 |    22 |    25 ||    60
         Dazzling Flash    |       |     3 |     5 ||     8
  Evoke: Wand              |       |       |     1 ||     1
    Use: Scroll            |     1 |     3 |    11 ||    15
         Potion            |       |     7 |     5 ||    12
   Stab: Distracted        |       |       |     1 ||     1
         Invisible         |       |       |     2 ||     2
 Armour: Robe              |    12 |    14 |    14 ||    40
  Dodge: Dodged            |    33 |    51 |    46 ||   130

Table legend: (Time is in decaauts)
 A = Elapsed time spent in this place.
 B = Non-inter-level travel time spent in this place.
 C = Inter-level travel time spent in this place.
 D = Time resting spent in this place.
 E = Time spent auto-exploring this place.
 F = Levels seen in this place.
 G = Mean time per level.
                   A        B        C        D        E       F      G
               +--------+--------+--------+--------+--------+-----+--------+
         Total |  10672 |  10485 |    187 |   5070 |   3522 |   6 | 1778.7 |
       Dungeon |  10672 |  10485 |    187 |   5070 |   3522 |   6 | 1778.7 |
               +--------+--------+--------+--------+--------+-----+--------+

Top non-repeatable levels by time:
     D:3: 3827 daAuts
     D:5: 1706 daAuts
     D:4: 1691 daAuts
     D:1: 1334 daAuts
     D:8: 1291 daAuts
     D:2: 820 daAuts
